 Dungeon Crawl Stone Soup version 0.23.2 (webtiles) character file.

Game seed: 7862365640372559279

126 dvd the Firebug (level 5, -6/32 HPs)
             Began as an Octopode Fire Elementalist on Apr 8, 2019.
             Was a Follower of Okawaru.
             Mangled by Sigmund
             ... wielding a +0 scythe
              (9 damage)
             ... on level 2 of the Dungeon.
             The game lasted 00:05:11 (2411 turns).

dvd the Firebug (Octopode Fire Elementalist)        Turns: 2411, Time: 00:05:12

Health: -6/32      AC:  1    Str:  7    XL:     5   Next: 10%
Magic:  2/8        EV: 13    Int: 19    God:    Okawaru [*.....]
Gold:   58         SH:  0    Dex: 12    Spells: 6/9 levels left

rFire    . . .     SeeInvis .   j - +0 hand axe
rCold    . . .     Gourm    .   (no shield)
rNeg     . . .     Faith    .   (helmet restricted)
rPois    .         Spirit   .   (no amulet)
rElec    .         Reflect  .   (no ring)
rCorr    .         Harm     .   (no ring)
MR       .....                  (no ring)
Stlth    +++.......             (no ring)
HPRegen  0.10/turn              (no ring)
MPRegen  0.11/turn              (no ring)
                                (no ring)
                                (no ring)

@: very slightly contaminated, hasted, very quick
A: almost no armour, stealthy swim, amphibious, 8 rings, constrict 8, camouflage
1, gelatinous body 1
a: Heroism, Renounce Religion


You were on level 2 of the Dungeon.
You worshipped Okawaru.
Okawaru was aware of your devotion.
You were hungry.

You visited 1 branch of the dungeon, and saw 2 of its levels.

You collected 58 gold pieces.

Inventory:

Hand Weapons
 g - a +0 dagger
 j - a +0 hand axe (weapon)
Scrolls
 a - a scroll of remove curse {unknown}
 c - 2 scrolls of magic mapping {unknown}
 d - a scroll of fog {unknown}
 e - 3 scrolls of teleportation {unknown}
 h - a scroll of amnesia {unknown}
 k - 3 scrolls of identify {unknown}
Comestibles
 b - 5 rations
 f - 2 chunks of flesh


   Skills:
 + Level 0.3 Fighting
 + Level 2.1 Dodging
 + Level 3.7 Stealth
 + Level 2.6 Spellcasting
 + Level 2.2 Conjurations
 + Level 4.2 Fire Magic


You had 6 spell levels left.
You knew the following spells:

 Your Spells              Type           Power        Failure   Level  Hunger
a - Flame Tongue          Conj/Fire      ##...        4%          1    None
b - Throw Flame           Conj/Fire      ##....       6%          2    ##.....

Your spell library contained the following spells:

 Spells                   Type           Power        Failure   Level  Hunger
 Conjure Flame            Conj/Fire      ##......     13%         3    ###....
 Inner Flame              Hex/Fire       ##......     21%         3    ###....
 Sticky Flame             Conj/Fire      ##......     38%         4    ####...
 Fireball                 Conj/Fire      ##........   75%         5    ######.


Dungeon Overview and Level Annotations

Branches:
Dungeon (2/15)

Altars:
Okawaru

Annotations:
D:2 Sigmund


Innate Abilities, Weirdness & Mutations

You cannot wear most types of armour.
You are very stealthy in the water. (Stealth+)
You are amphibious.
You can wear up to eight rings at the same time.
You can use your tentacles to constrict eight enemies at once.
Your skin changes colour to match your surroundings (Stealth+).
Your rubbery body absorbs attacks. (AC +1, EV +1)


Message History

Confirm with . or Enter, or press ? or * to list all spells.
Aiming: Flame Tongue (safe; 4% risk of failure)
Press: ? - help, Shift-Dir - straight line, f/p - Sigmund
Aim: Sigmund, wielding a +0 scythe and wearing a cursed +0 robe (moderately wounded, unusually resistant)
The flame tongue hits Sigmund.
Sigmund completely resists.
Sigmund is moderately wounded.
Sigmund mumbles some strange words.
Sigmund flickers and vanishes!
Deactivating autopickup; reactivate with Ctrl-A.
Something hits you!
* * * LOW HITPOINT WARNING * * *
You are confused.
It was a potion of haste.
You feel yourself speed up.
You bump into the rock wall.
Something hits you.
* * * LOW HITPOINT WARNING * * *
Unknown command.
You bump into the rock wall.
You feel less confused. Something hits you!
You die...

#.###.# #.#.....# #.# #.#
#.#.....#### #.# #.#
#.#....).... #.# #.#
#.#.###..... #.###.########
#.#.........
#.#..........#####.#.###.....
#..................#.# #.....
###..........#######.# #.####
#.........@# #.# ...
#..........# #.# ###
#.......{..# #.# #..........#
#.# #..........# #.#
#..........#######.#
#.............รท.)..#
###.#######.######## #.# #.#


There were no monsters in sight!

Vanquished Creatures
  A worker ant (D:2)
  4 adders (D:2)
  2 oozes (D:1)
  A dart slug (D:2)
  2 leopard geckos (D:1)
  6 bats
  2 giant cockroaches
  4 goblins
  5 hobgoblins
  8 jackals
  3 kobolds (D:1)
  3 quokkas (D:2)
  2 ball pythons
  A frilled lizard (D:1)
  7 rats
51 creatures vanquished.

Notes
Turn   | Place    | Note
-------+----------+-------------------------------------------
     0 | D:1      | dvd the Octopode Fire Elementalist began the quest for the
                  | Orb.
     0 | D:1      | Reached XP level 1. HP: 11/11 MP: 3/3
   204 | D:1      | Reached XP level 2. HP: 14/17 MP: 0/5
   484 | D:1      | Reached XP level 3. HP: 19/21 MP: 2/6
   869 | D:1      | Learned a level 2 spell: Throw Flame
  1414 | D:2      | Found a faded altar of an unknown god.
  1419 | D:2      | Became a worshipper of Warmaster Okawaru
  1419 | D:2      | Reached * piety under Okawaru
  1465 | D:2      | Reached XP level 4. HP: 21/27 MP: 7/7
  1585 | D:2      | Reached skill level 4 in Fire Magic
  2230 | D:2      | Reached XP level 5. HP: 31/31 MP: 4/8
  2382 | D:2      | Noticed Sigmund
  2411 | D:2      | Mangled by Sigmund

Skill      XL: |  1  2  3  4 |
---------------+-------------+-----
Stealth        | 3 |  3.7
Conjurations   | 2 |  2.2
Fire Magic     | 4 |  4.2
Fighting       | |  0.3
Dodging        | |  2.1
Spellcasting   | |  2.6

Action                   |  1- 3 |  4- 6 || total
-------------------------+-------+-------++-------
Melee: Unarmed           |     7 |       ||     7
       Constrict         |     4 |     2 ||     6
       Dagger            |     1 |       ||     1
       Hand axe          |    11 |    11 ||    22
       Tentacles         |     1 |     1 ||     2
 Cast: Flame Tongue      |    51 |    26 ||    77
       Throw Flame       |     2 |     6 ||     8
Invok: Heroism           |       |     1 ||     1
  Use: Potion            |     2 |     1 ||     3
 Stab: Sleeping          |     3 |       ||     3
  Eat: Chunk             |     2 |     3 ||     5
Armor: Skin              |     4 |     4 ||     8
Dodge: Dodged            |    32 |    16 ||    48
